 Dungeon Crawl Stone Soup version 0.20.0-15-g7f486f2 (webtiles) character file.

115503 Haldmier the Nimble (level 17, -5/134 HPs)
             Began as a Halfling Monk on June 8, 2017.
             Was a Believer of Nemelex Xobeh.
             Killed from afar by Azrael (54 damage)
             ... with damnation
             ... on level 1 of the Snake Pit on June 9, 2017.
             The game lasted 03:28:40 (45031 turns).

Haldmier the Nimble (Halfling Monk)                Turns: 45031, Time: 03:28:41

Health: -5/134     AC: 23    Str: 21    XL:     17   Next: 23%
Magic:  26/26      EV: 22    Int:  8    God:    Nemelex Xobeh [**....]
Gold:   1861       SH: 12    Dex: 25    Spells: 16/16 levels left

rFire    + + .     SeeInvis .   a - +1 whip (venom)
rCold    . . .     Gourm    .   e - +0 shield {reflect}
rNeg     + + .     Faith    .   N - +0 chain mail {rPois}
rPois    +         Spirit   .   v - +2 helmet
rElec    .         Reflect  +   Q - scarf {rC+ rF+}
rCorr    .         Harm     .   L - +2 pair of gloves
MR       +....                  V - +2 pair of boots {Fly}
Stlth    ..........             R - amulet of Vitality {Regen+ HP+15}
Regen    0.8/turn               A - ring of the Little Devil {rN++ Str+4 Dex+6}
MPRegen  0.2/turn               m - ring of fire

@: studying Dodging
A: mutation resistance 1
a: Renounce Religion, Evoke Flight


You were on level 1 of the Snake Pit.
You worshipped Nemelex Xobeh.
Nemelex Xobeh was pleased with you.
You were hungry.

You visited 5 branches of the dungeon, and saw 25 of its levels.
You also visited: Labyrinth, Trove, Sewer and Ossuary.

You collected 2541 gold pieces.
You spent 680 gold pieces at shops.

Inventory:

Hand Weapons
 a - a +1 whip of venom (weapon)
 b - the +6 hunting sling of Drought {velocity, MR+ Str+4}
   (You found it on level 5 of the Dungeon)

   Any stone fired from it inflicts extra damage.
   It affects your strength (+4).
   It affects your resistance to hostile enchantments.
 F - a +2 mace of protection
Missiles
 q - 4 throwing nets
 x - 459 stones (quivered)
 z - 173 sling bullets
Armour
 e - a +0 shield of reflection (worn)
 v - a +2 helmet (worn)
 y - a +0 buckler
 L - a +2 pair of gloves (worn)
 N - a +0 chain mail of poison resistance (worn)
 Q - a scarf of resistance (worn)
 V - a +2 pair of boots of flying (worn)
Jewellery
 i - a +4 ring of evasion
 m - a ring of fire (right hand)
 A - the ring of the Little Devil (left hand) {rN++ Str+4 Dex+6}
   (You found it on level 5 of the Dungeon)

   [ring of dexterity]

   It affects your strength (+4).
   It affects your dexterity (+6).
   It greatly protects you from negative energy.
 R - the amulet of Vitality (around neck) {Regen+ HP+15}
   (You found it in a treasure trove)

   [amulet of regeneration]

   It affects your health (+15).
   It increases your rate of regeneration.
 W - an uncursed ring of protection from cold
Wands
 t - a wand of digging (13/24)
 w - a wand of acid (9/15)
Scrolls
 d - 15 scrolls of remove curse
 j - 10 scrolls of identify
 n - 6 scrolls of fear
 B - a scroll of recharging
 E - 3 scrolls of blinking
 K - 3 scrolls of magic mapping
 O - 4 scrolls of immolation
 T - 11 scrolls of teleportation
Potions
 l - 4 potions of might
 p - 13 potions of curing
 r - 2 potions of invisibility
 C - 2 potions of cancellation
 D - 8 potions of heal wounds
 G - 5 potions of agility
 J - 2 potions of haste
 X - a potion of berserk rage
Books
 S - a manual of Dodging
Miscellaneous
 f - a legendary deck of summoning
 h - a plain deck of summoning
 o - an ornate deck of destruction {drawn: 4}
 u - a legendary deck of escape {drawn: 2}
 H - an ornate deck of summoning {drawn: 9}
 M - a box of beasts
 P - a sack of spiders
Comestibles
 c - 10 bread rations
 g - 15 fruits
 k - 11 meat rations
 s - 12 royal jellies


   Skills:
 + Level 11.8 Fighting
 - Level 12.0 Maces & Flails
 - Level 12.0 Slings
 - Level 13.1 Armour
 + Level 14.8 Dodging
 - Level 2.1 Stealth
 * Level 6.9 Shields
 - Level 13.0 Invocations


You had 16 spell levels left.
You didn't know any spells.

Dungeon Overview and Level Annotations

Branches:
Dungeon (15/15)            Temple (1/1) D:6            Lair (6/6) D:8
 Shoals (0/4) Lair:2        Snake (1/4) Lair:2        Slime (0/5) Lair:5
    Orc (2/2) D:9             Elf (0/3) Orc:2        Vaults (0/5) D:14
 Depths (0/5) D:15

Altars:
Ashenzari
Cheibriados
Dithmenos
Elyvilon
Fedhas
Gozag
Hepliaklqana
Kikubaaqudgha
Makhleb
Nemelex Xobeh
Okawaru
Qazlal
Ru
Sif Muna
Trog
Uskayaw
Vehumet
Xom
Yredelemnul
Zin
The Shining One
Jiyva

Shops:
D:11 [   D:15 *   Orc:2 *[%}

Portals:
Pandemonium: Orc:2

Annotations:
D:14 exclusion: downstairs
D:15 exclusion: Roxanne, Roxanne
Snake:1 Azrael


Innate Abilities, Weirdness & Mutations

You are small and have problems with some larger weapons.
You are somewhat resistant to further mutation.


Message History

What are your orders? t - Shout!
Orders for allies: a - Attack new target. p - Attack previous target. r - Retreat! s - Stop attacking. g - Guard the area. f - Follow me.
Anything else - Cancel.
Gang up on whom?
Press: ? - help, Dir - move target cursor, f/p - Azrael
Aim: Azrael, wielding a scimitar of flaming (severely wounded, hasn't noticed you) Attack!
Your yaktaur wields an arbalest.
Your yaktaur shoots a bolt.
The bolt hits Azrael!!
The bolt disappears in a puff of smoke!
A damnation appears from out of your range of vision.
The sphere of damnation explodes!
The damnation engulfs your yaktaur.
Your yaktaur dies!
Your yaktaur's corpse disappears in a puff of smoke!
The damnation engulfs your yaktaur. The damnation engulfs you!
You die...
Your body glows slightly and disappears.

## #...§####§[(...........#. #
#....§# ##§.......§§..... #....R#
##....>....§§§§. ##..(..#
##............§ #......##
##........#... #.......#
##......##...
##.......######(.[...####..
#######/.....c.§#.......((..###.(
.............!.c@......)##(([.#..
.......................#####.....
########..............## ##.... #
#.............## ##.... #
##............# #.....
#...........## ##...##
#...........## #...## #
#............## ##..## #
#.............####..##


You could see 2 friendly yaktaurs.

Vanquished Creatures
  Frances (D:12)
  Kirke (Lair:2)
  An orc warlord (D:9)
  An ettin (D:15)
  Snorg (D:13)
  A fire dragon (D:15)
  Harold (D:10)
  A great orb of eyes (Lair:6)
  2 hydras
  2 anacondas (Snake:1)
  A death knight (D:14)
  Erica (D:9)
  4 centaur warriors
  2 dancing weapons (D:14)
  8 two-headed ogres
  4 death yaks (Lair:6)
  A tengu warrior (D:15)
  A queen ant (Lair:2)
  5 orc high priests (Orc:2)
  The ghost of mike2R the Covert, a journeyman SpEn of Nemelex Xobeh (Lair:3)
  A hell knight (D:15)
  6 naga sharpshooters (Snake:1)
  A deep elf knight (D:15)
  3 skeletal warriors (D:12)
  4 unseen horrors
  A sea snake (Lair:6)
  2 infernal demonspawn (Orc:2)
  A naga ritualist (Snake:1)
  4 orc knights
  3 mana vipers (Snake:1)
  A deep elf mage (D:13)
  3 ugly things
  2 orc sorcerers
  6 oklob plants
  3 cyclopes
  2 manticores (Lair:6)
  9 black mambas
  Joseph (D:10)
  10 elephants (Lair:6)
  2 rust devils (Orc:2)
  3 gargoyles
  14 spiny frogs
  Psyche (D:8)
  3 centaur skeletons
  4 rime drakes (Lair:6)
  2 kobold demonologists (D:11)
  An efreet (D:13)
  An ice devil (Orc:2)
  13 komodo dragons
  2 tengu conjurers (D:13)
  A hornet (shapeshifter) (D:15)
  A meliai (D:15)
  5 polar bears
  6 trolls
  A wind drake (Lair:5)
  2 hornets
  A tyrant leech (Lab)
  21 blink frogs
  14 slime creatures
  13 hippogriffs
  13 dream sheep
  A minotaur skeleton (Lab)
  2 shadows
  A wraith (D:12)
  7 wyverns
  2 hogs (Lair:2)
  26 yaks
  3 hungry ghosts
  Grum (D:10)
  A fire elemental (Lair:2)
  A chaos spawn (Orc:2)
  A steam dragon (Lair:6)
  A basilisk (Lair:4)
  2 vampire mosquitoes (D:12)
  7 nagas (Snake:1)
  5 wargs
  12 soldier ants
  4 hell hounds
  16 water moccasins
  3 porcupines
  39 orc warriors
  A phantom (D:11)
  A black bear (D:8)
  An eye of draining (D:12)
  2 sky beasts
  3 ice beasts
  A necrophage (D:9)
  12 centaurs
  8 ogres
  19 wolves
  A boggart (D:13)
  13 crocodiles
  3 big kobolds
  Blork the orc (D:5)
  The ghost of maniacrov the Conjurer, an amateur DECj (D:4)
  3 elf zombies (Ossuary)
  27 bullfrogs
  An earth elemental (Lab)
  A wyvern zombie (D:13)
  5 scorpions
  16 killer bees
  A troll skeleton (Lab)
  3 wights (D:9)
  An electric eel (Lair:2)
  2 howler monkeys (D:6)
  4 crimson imps
  A bullfrog zombie (D:8)
  2 centaur zombies
  6 hounds
  4 bullfrog skeletons
  6 jellies
  28 orc wizards
  29 orc priests
  A gnoll shaman (D:8)
  5 iguanas
  38 worker ants
  A big kobold zombie (Ossuary)
  2 hound skeletons (D:8)
  2 mummies (Ossuary)
  A howler monkey skeleton (D:7)
  3 gnolls (Orc:1)
  27 adders
  7 river rats (Sewer)
  3 shadow imps
  6 oozes
  3 adder zombies
  8 worms
  2 dart slugs
  9 leopard geckos
  113 orcs
  7 bats
  5 giant cockroaches
  7 goblins
  8 hobgoblins
  3 jackals
  34 kobolds
  6 quokkas
  7 ball pythons
  2 frilled lizards
  A goblin zombie (Ossuary)
  8 hobgoblin zombies (Ossuary)
  A jackal skeleton (D:7)
  3 jackal zombies
  9 kobold zombies (Ossuary)
  A leopard gecko skeleton (D:4)
  9 orc zombies (Ossuary)
  A quokka skeleton (D:8)
  2 quokka zombies (D:8)
  30 rats
  2 rat zombies (Ossuary)
  A bush (Lair:5)
  A fungus (Lair:5)
  2 plants
950 creatures vanquished.

Vanquished Creatures (collateral kills)
  Donald (Snake:1)
  A stone giant (Orc:2)
  Nessos (Orc:2)
  A death yak (Lair:6)
  A naga sharpshooter (Snake:1)
  2 orc high priests (Orc:2)
  3 orc knights (Orc:2)
  3 orc sorcerers (Orc:2)
  A salamander (Snake:1)
  A guardian serpent (Snake:1)
  2 blink frogs (Lair:3)
  A chaos spawn (Orc:2)
  3 orc warriors (Orc:2)
  2 orc priests (Orc:2)
  2 orcs (Orc:2)
25 creatures vanquished.

Vanquished Creatures (others)
  A death yak (Lair:6)
  A naga sharpshooter (Snake:1)
  A rime drake (Lair:6)
  A wyvern (Lair:6)
  3 humans (Snake:1)
  3 water moccasins (Lair:6)
  A gnoll (Orc:1)
  2 orcs
  A kobold (D:11)
  24 fungi
  29 plants
67 creatures vanquished.

Grand Total: 1042 creatures vanquished

Notes
Turn   | Place    | Note
-------+----------+-------------------------------------------
     0 | D:1      | Haldmier the Halfling Monk began the quest for the Orb.
     0 | D:1      | Reached XP level 1. HP: 15/15 MP: 1/1
   287 | D:1      | Reached XP level 2. HP: 15/20 MP: 2/2
   855 | D:1      | Reached XP level 3. HP: 25/26 MP: 3/3
  1169 | D:2      | HP: 1/26 [adder (3)]
  1186 | D:2      | Reached skill level 1 in Armour
  1186 | D:2      | Reached XP level 4. HP: 26/31 MP: 4/4
  2000 | D:2      | Reached skill level 4 in Dodging
  2085 | D:2      | Reached XP level 5. HP: 26/36 MP: 5/5
  2603 | D:3      | Found a sacrificial altar of Ru.
  2873 | D:3      | Found a faded altar of an unknown god.
  3145 | D:3      | Found a white marble altar of Elyvilon.
  3278 | D:3      | Reached XP level 6. HP: 38/42 MP: 6/6
  3924 | D:4      | Noticed maniacrov's ghost (amateur DECj)
  4430 | D:4      | Killed maniacrov's ghost
  4996 | D:4      | Reached XP level 7. HP: 46/47 MP: 7/7
  5163 | D:5      | Entered Level 5 of the Dungeon
  5197 | D:5      | Noticed Blork the orc
  5405 | D:5      | Reached skill level 5 in Dodging
  5446 | D:5      | Reached skill level 5 in Maces & Flails
  5446 | D:5      | Reached skill level 1 in Shields
  5509 | D:5      | Found a hazy altar of Hepliaklqana.
  5657 | D:5      | Got a steaming amber ring
  5664 | D:5      | Got a warped hunting sling
  5665 | D:5      | Identified the ring of the Little Devil {rN++ Str+4 Dex+6} (You found it on level 5 of the Dungeon)
  5666 | D:5      | Identified the +6 hunting sling of Drought {velocity, MR+ Str+4} (You found it on level 5 of the Dungeon)
  5913 | D:5      | Killed Blork the orc
  5913 | D:5      | Reached XP level 8. HP: 51/54 MP: 8/8
  6010 | D:5      | Found an ancient bone altar of Kikubaaqudgha.
  6013 | D:5      | Found a stormy altar of Qazlal.
  6024 | D:5      | Found a bloodstained altar of Trog.
  6061 | D:6      | Reached skill level 1 in Slings
  6429 | D:6      | Found a staircase to the Ecumenical Temple.
  6465 | D:6      | Found a glowing drain.
  6488 | Sewer    | Entered a sewer
  7363 | D:6      | Reached XP level 9. HP: 46/59 MP: 9/9
  7512 | Temple   | Entered the Ecumenical Temple
  7801 | Temple   | Became a worshipper of Nemelex Xobeh the Trickster
  7801 | Temple   | Received a gift from Nemelex Xobeh
  7801 | Temple   | Received a gift from Nemelex Xobeh
  7801 | Temple   | Reached * piety under Nemelex Xobeh
  7801 | Temple   | Received a gift from Nemelex Xobeh
  7801 | Temple   | Reached ** piety under Nemelex Xobeh
  7847 | D:6      | Reached skill level 6 in Dodging
  7984 | D:7      | Received a gift from Nemelex Xobeh
  8249 | D:7      | Reached skill level 1 in Invocations
  8435 | D:7      | Reached skill level 5 in Slings
  8624 | D:7      | Reached skill level 5 in Fighting
  8889 | D:7      | Found a glowing golden altar of the Shining One.
  9254 | D:8      | Found a sand-covered staircase.
  9273 | Ossuary  | Entered an ossuary
  9615 | Ossuary  | Reached *** piety under Nemelex Xobeh
  9728 | D:8      | Noticed a slime creature
  9749 | D:8      | Killed a slime creature
  9761 | D:8      | Noticed a slime creature
  9761 | D:8      | Noticed a slime creature
  9790 | D:8      | Killed a slime creature
  9790 | D:8      | Reached skill level 5 in Armour
  9942 | D:8      | Killed a slime creature
  9942 | D:8      | Reached XP level 10. HP: 51/66 MP: 11/11
 10221 | D:8      | Noticed Psyche
 10235 | D:8      | Killed Psyche
 10270 | D:8      | Reached skill level 7 in Dodging
 10300 | D:8      | Noticed a two-headed ogre
 10323 | D:8      | Killed a two-headed ogre
 10736 | D:8      | Received a gift from Nemelex Xobeh
 10990 | D:8      | Found a staircase to the Lair.
 10991 | D:8      | Noticed a komodo dragon
 11040 | D:8      | Killed a komodo dragon
 11189 | Lair:1   | Entered Level 1 of the Lair of Beasts
 11189 | Lair:1   | Noticed a komodo dragon
 11260 | Lair:1   | Killed a komodo dragon
 11260 | Lair:1   | Reached XP level 11. HP: 52/72 MP: 13/13
 11467 | Lair:1   | Reached **** piety under Nemelex Xobeh
 11500 | Lair:1   | Reached skill level 5 in Shields
 11731 | Lair:1   | Got a wavering bone ring
 11732 | Lair:1   | Identified the ring of Freedom {rF+ Stlth-} (You found it on level 1 of the Lair of Beasts)
 11747 | Lair:1   | Received a gift from Nemelex Xobeh
 12932 | Lair:2   | Reached skill level 8 in Dodging
 13097 | Lair:2   | Found a staircase to the Shoals.
 13109 | Lair:2   | Reached skill level 10 in Slings
 13541 | Lair:2   | Reached skill level 5 in Invocations
 13895 | Lair:2   | Reached XP level 12. HP: 60/80 MP: 15/15
 14058 | Lair:2   | Noticed a queen ant
 14273 | Lair:2   | Found a staircase to the Snake Pit.
 14647 | Lair:2   | Received a gift from Nemelex Xobeh
 14681 | Lair:2   | Got a twisted shortbow
 14862 | Lair:2   | Killed a queen ant
 15084 | Lair:3   | Found a labyrinth entrance.
 15099 | Lab      | Entered a labyrinth
 15827 | Lab      | Received a gift from Nemelex Xobeh
 15836 | Lab      | Noticed a minotaur
 15837 | Lab      | a minotaur changed into a tyrant leech
 15868 | Lab      | Got a jewelled ring mail
 15871 | Lab      | Identified the Reference Book on Torrid Envenoming
 15872 | Lab      | Got an ancient helmet
 15878 | Lab      | Identified the +1 helmet of Compassion {MR- Int+4} (You found it in a labyrinth)
 15889 | Lab      | Identified the cursed +1 ring mail of Dylol {+Blink rCorr} (You found it in a labyrinth)
 15891 | Lab      | Got a crude falchion {slice}
 16135 | Lair:3   | Reached ***** piety under Nemelex Xobeh
 16182 | Lair:3   | Noticed mike2R's ghost (journeyman SpEn)
 16391 | D:9      | Noticed Erica
 16421 | D:9      | Killed Erica
 16691 | D:9      | Reached skill level 9 in Dodging
 16716 | D:9      | Found an opulent altar of Gozag.
 16758 | D:9      | Received a gift from Nemelex Xobeh
 16960 | D:9      | Found a staircase to the Orcish Mines.
 17130 | D:9      | Reached skill level 10 in Maces & Flails
 17234 | D:9      | Found a radiant altar of Vehumet.
 17368 | D:10     | Entered Level 10 of the Dungeon
 17368 | D:10     | Noticed Joseph
 17368 | D:10     | Noticed Grum
 17412 | D:10     | Killed Joseph
 17420 | D:10     | Killed Grum
 17507 | D:10     | Received a gift from Nemelex Xobeh
 17898 | D:10     | Noticed Harold
 17924 | D:10     | Killed Harold
 18461 | Orc:1    | Entered Level 1 of the Orcish Mines
 18626 | D:9      | Reached XP level 13. HP: 84/86 MP: 17/17
 19131 | Orc:1    | Received a gift from Nemelex Xobeh
 19417 | Orc:1    | Noticed an orc warlord
 19976 | D:9      | Killed an orc warlord
 20903 | Orc:2    | Entered Level 2 of the Orcish Mines
 21064 | Orc:1    | Received a gift from Nemelex Xobeh
 21273 | Orc:2    | Noticed Nessos
 21285 | Orc:2    | Killed Nessos
 22296 | Orc:2    | Reached skill level 10 in Dodging
 22318 | Orc:2    | Received a gift from Nemelex Xobeh
 22744 | Orc:2    | Found Yxtuthri's Food Emporium.
 22778 | Orc:2    | Found Iruaxtud's General Store.
 23005 | Orc:2    | Found a staircase to the Elven Halls.
 23452 | Orc:2    | Reached XP level 14. HP: 94/94 MP: 20/20
 24607 | Orc:2    | Found Yczunas's Antique Armour Boutique.
 24607 | Orc:2    | Found Wotin's Gadget Shop.
 24607 | Orc:2    | Found a one-way gate leading to the halls of Pandemonium.
 25623 | Orc:2    | Noticed a stone giant
 25637 | Orc:2    | Killed a stone giant
 25687 | Orc:2    | Received a gift from Nemelex Xobeh
 25933 | Lair:1   | Identified the +9 falchion of Vaituic {slice, Int+3 Dex+7} (You found it in a labyrinth)
 26246 | Orc:2    | Bought a smoking scarf for 240 gold pieces
 26251 | Orc:2    | Identified the scarf "Jigrast" {*Contam +Blink MP+9 Dex+3} (You bought it in a shop on level 2 of the Orcish Mines)
 26321 | Orc:2    | Bought a pair of glowing boots for 180 gold pieces
 26364 | Orc:2    | Bought a scroll of brand weapon for 260 gold pieces
 26703 | Lair:3   | Killed mike2R's ghost
 26980 | Lair:3   | Reached ****** piety under Nemelex Xobeh
 27075 | Lair:3   | Received a gift from Nemelex Xobeh
 27119 | Lair:3   | Received a gift from Nemelex Xobeh
 27628 | Lair:4   | Received a gift from Nemelex Xobeh
 27727 | Lair:4   | Reached skill level 11 in Dodging
 28781 | Lair:5   | Reached skill level 10 in Armour
 28895 | Lair:5   | Found a dark tunnel.
 28939 | Lair:5   | Found a viscous altar of Jiyva.
 28939 | Lair:5   | Found a staircase to the Slime Pits.
 29039 | Lair:5   | Received a gift from Nemelex Xobeh
 30327 | Lair:5   | Upgraded the game from 0.20.0-14-g326068f to 0.20.0-15-g7f486f2
 30328 | Lair:6   | Entered Level 6 of the Lair of Beasts
 30328 | Lair:6   | Received a gift from Nemelex Xobeh
 30468 | Lair:5   | Reached skill level 10 in Invocations
 30883 | Lair:6   | Received a gift from Nemelex Xobeh
 30942 | Lair:6   | Reached XP level 15. HP: 102/102 MP: 22/22
 30950 | Lair:6   | Received a gift from Nemelex Xobeh
 31534 | Lair:6   | Got a clouded pewter amulet
 31538 | Lair:6   | Identified the amulet of Life {RegenMP +Blink rF+} (You found it on level 6 of the Lair of Beasts)
 31739 | Lair:6   | Reached skill level 12 in Dodging
 31765 | Lair:6   | Reached skill level 10 in Fighting
 32065 | Lair:6   | Received a gift from Nemelex Xobeh
 35179 | D:11     | Found Jaukeih's Antique Armour Boutique.
 35285 | D:11     | Received a gift from Nemelex Xobeh
 35933 | D:11     | Received a gift from Nemelex Xobeh
 36433 | D:12     | Found a sparkling altar of Nemelex Xobeh.
 36731 | D:12     | Reached XP level 16. HP: 111/111 MP: 24/24
 36927 | D:12     | Noticed Frances
 36942 | D:12     | Killed Frances
 37111 | D:12     | Received a gift from Nemelex Xobeh
 37784 | D:13     | Received a gift from Nemelex Xobeh
 38123 | D:13     | Reached skill level 13 in Dodging
 38461 | D:13     | Noticed Snorg
 38479 | D:13     | Killed Snorg
 38500 | D:13     | Found a portal to a secret trove of treasure.
 38569 | Trove    | Entered a treasure trove
 38594 | Trove    | Identified Karaukk's Tome of Confrontation and Summoning
 39931 | D:14     | Found a gate to the Vaults.
 40994 | D:15     | Entered Level 15 of the Dungeon
 41732 | D:15     | Reached skill level 14 in Dodging
 41739 | D:15     | Found a staircase to the Depths.
 41835 | D:15     | Found Veseril's General Store.
 42057 | D:15     | Noticed Roxanne
 43380 | Snake:1  | Entered Level 1 of the Snake Pit
 43381 | Snake:1  | Noticed Donald
 43397 | Snake:1  | Killed Donald
 43466 | Snake:1  | Noticed Asterion
 43674 | Snake:1  | Received a gift from Nemelex Xobeh
 43733 | Snake:1  | Reached XP level 17. HP: 94/118 MP: 26/26
 43747 | Snake:1  | Noticed Kirke
 43935 | Lair:2   | Killed Kirke
 44788 | Snake:1  | Noticed Azrael
 45031 | Snake:1  | Killed from afar by Azrael

Skill      XL: |  1  2  3  4  5  6  7  8  9 10 11 12 13 14 15 16 17 |
---------------+----------------------------------------------------+-----
Maces & Flails | 3 4 5 6 7 8 9 10 11 12 | 12.0
Fighting       | 3 4 5 6 7 8 9 10 11 | 11.8
Armour         | 1 2 3 4 5 6 7 9 10 11 13 | 13.1
Dodging        | 4 5 6 7 8 9 10 11 12 14 | 14.8
Shields        | 1 2 3 4 5 6 |  6.9
Slings         | 4 6 8 10 12 | 12.0
Invocations    | 2 3 5 6 8 10 11 12 13 | 13.0
Stealth        | |  2.1

Action                   |  1- 3 |  4- 6 |  7- 9 | 10-12 | 13-15 | 16-18 || total
-------------------------+-------+-------+-------+-------+-------+-------++-------
Melee: Mace              |    76 |   256 |    41 |    70 |       |       ||   443
       Whip              |       |    16 |   417 |   836 |  2651 |  1258 ||  5178
       Unarmed           |       |       |       |       |       |    14 ||    14
 Fire: Hunting sling     |       |       |   164 |   209 |   606 |   282 ||  1261
Throw: Stone             |    30 |    69 |    10 |       |     4 |       ||   113
 Abil: Stop Flying       |       |       |       |       |     1 |       ||     1
Evoke: Deck              |       |       |       |     7 |    22 |    16 ||    45
       Wand              |       |       |       |       |     1 |       ||     1
  Use: Potion            |     2 |       |       |     5 |       |     2 ||     9
       Scroll            |       |     5 |     3 |    19 |    10 |     4 ||    41
 Stab: Sleeping          |       |     2 |     4 |     1 |       |       ||     7
       Paralysed         |       |     1 |       |       |       |       ||     1
       Distracted        |       |       |       |     1 |     6 |     1 ||     8
  Eat: Chunk             |     1 |    12 |    14 |    23 |    54 |    24 ||   128
       Royal jelly       |       |       |     1 |     4 |     1 |     2 ||     8
Armor: Ring mail         |    23 |    71 |    76 |     7 |       |       ||   177
       Plate armour      |       |       |       |   109 |    39 |       ||   148
       Chain mail        |       |       |       |       |   284 |   272 ||   556
Dodge: Dodged            |    53 |   196 |   262 |   361 |  1334 |   866 ||  3072
Block: Buckler           |       |       |   127 |   288 |   978 |   267 ||  1660
       Reflection        |       |       |       |     7 |    21 |    19 ||    47
       Shield            |       |       |       |       |       |   167 ||   167
